 Dungeon Crawl Stone Soup version 0.27-a0-660-g90476cec82 (webtiles) character file.

Game seed: 4333835132152253344

30 lunkers the Skirmisher (level 3, -4/40 HPs)
             Began as an Ogre Monk on Mar 16, 2021.
             Slain by a bullfrog (7 damage)
             ... on level 2 of the Dungeon.
             The game lasted 00:01:22 (1687 turns).

lunkers the Skirmisher (Ogre Monk)                  Turns: 1687, Time: 00:01:22

Health: -4/40      AC:  3    Str: 16    XL:     3   Next: 20%
Magic:  3/3        EV: 10    Int: 11    God:
Gold:   68         SH:  0    Dex: 11    Spells: 2/2 levels left

rFire    . . .     SeeInvis .   a - +0 mace
rCold    . . .     Faith    .   (no shield)
rNeg     . . .     Spirit   .   b - +0 robe
rPois    .         Reflect  .   (helmet restricted)
rElec    .         Harm     .   (no cloak)
rCorr    .         Rampage  .   (gloves unavailable)
Will     .....                  (boots unavailable)
Stlth    ++........             (no amulet)
HPRegen  0.13/turn              (no ring)
MPRegen  0.08/turn              (no ring)

@: no status effects
A: large, unfitting armour, tough skin 1
a: no special abilities


You were on level 2 of the Dungeon.
You visited 1 branch of the dungeon, and saw 2 of its levels.

You collected 68 gold pieces.

Inventory:

Hand Weapons
 a - a +0 mace (weapon)
Armour
 b - a +0 robe (worn)
Scrolls
 d - 2 scrolls of noise {unknown}
 g - a scroll of identify {unknown}
 h - a scroll of amnesia {unknown}
Potions
 c - a potion of lignification {unknown}
 e - a potion of might {unknown}
 f - 2 potions of curing {unknown}


   Skills:
 + Level 4.5 Fighting
 * Level 3.5 Maces & Flails
 - Level 2.6 Dodging
 - Level 1.4 Stealth


You had 2 spell levels left.
You didn't know any spells.
Your spell library was empty.

Dungeon Overview and Level Annotations

Branches:
Dungeon (2/15)

Altars:
Uskayaw


Innate Abilities, Weirdness & Mutations

You are too large for most types of armour.
You have tough skin. (AC +1)


Message History

The bullfrog croaks.
The bullfrog hits you! The bullfrog barely misses you.
You sock the bullfrog!
The bullfrog is moderately wounded.
A hobgoblin comes into view. It is wielding a +0 club.
The bullfrog hits you.
You barely miss the bullfrog.
The bullfrog is moderately wounded.
The bullfrog hits you. The bullfrog barely misses you.
You barely miss the bullfrog.
The bullfrog is moderately wounded.
The hobgoblin shouts!
You hear a shout!
The bullfrog hits you. The bullfrog misses you.
You sock the bullfrog!
The bullfrog is severely wounded.
The bullfrog closely misses you. The bullfrog barely misses you.
You barely miss the bullfrog.
The bullfrog is severely wounded.
The bullfrog hits you. x2
* * * LOW HITPOINT WARNING * * *
You closely miss the bullfrog.
The bullfrog is severely wounded.
The bullfrog hits you.
* * * LOW HITPOINT WARNING * * *
The hobgoblin hits you with a +0 club.
* * * LOW HITPOINT WARNING * * *
A kobold comes into view. It is wielding a +0 dagger.
The bullfrog hits you.
* * * LOW HITPOINT WARNING * * *
You barely miss the bullfrog.
The bullfrog is severely wounded.
The hobgoblin barely misses you. The bullfrog hits you!
* * * LOW HITPOINT WARNING * * *
The kobold throws a stone.
The stone hits you.
* * * LOW HITPOINT WARNING * * *
The hobgoblin barely misses you.
You barely miss the bullfrog.
The bullfrog is severely wounded.
The bullfrog barely misses you. The bullfrog hits you!
You die...

#####..............#.......
#.[..#.###########....#.#
#......# ###.....# <....###
#...##..# .....# ##.### ..#
.....# ######..# ... .....#
##.......# .# .......
#........# # ........
##.....@.# #......#
##...gF.# ....### ##.....#
##..... ##..... ##.....
##...## #..K


You could see a bullfrog, a hobgoblin and a kobold.

Vanquished Creatures
  A worm (D:2)
  2 dart slugs (D:1)
  A leopard gecko (D:1)
  2 bats (D:1)
  A giant cockroach (D:1)
  A goblin (D:1)
  6 hobgoblins
  3 jackals (D:1)
  2 kobolds (D:1)
19 creatures vanquished.

Notes
Turn   | Place    | Note
-------+----------+-------------------------------------------
     0 | D:1      | lunkers the Ogre Monk began the quest for the Orb.
     0 | D:1      | Reached XP level 1. HP: 24/24 MP: 1/1
   318 | D:1      | Reached XP level 2. HP: 23/32 MP: 2/2
  1048 | D:1      | Reached XP level 3. HP: 40/40 MP: 3/3
  1644 | D:2      | Found a hide-covered altar of Uskayaw.
  1644 | D:2      | Noticed a kobold brigand
  1676 | D:2      | Noticed a bullfrog
  1687 | D:2      | Slain by a bullfrog

Illustrated notes

Levels and vault maps discovered:
D:1:      doesnt_arrival_eight_statues, layout_basic
D:2:      minmay_alternating_diamond, layout_rooms,
          nicolae_overflow_crystal_walls, nicolae_uskayaw_dance_studio,
          kennysheep_generic_room_4

Skill      XL: |  1 |
---------------+----+-----
Maces & Flails | 3 |  3.5
Fighting       | |  4.5
Dodging        | |  2.6
Stealth        | |  1.4

Action                   || total
-------------------------++-------
Melee: Mace              ||    72
Throw: Stone             ||     3
 Stab: Distracted        ||     1
Armor: Robe              ||    22
Dodge: Dodged            ||    38

Table legend: (Time is in decaauts)
 A = Elapsed time spent in this place.
 B = Non-inter-level travel time spent in this place.
 C = Inter-level travel time spent in this place.
 D = Time resting spent in this place.
 E = Time spent auto-exploring this place.
 F = Levels seen in this place.
 G = Mean time per level.
                   A        B        C        D        E       F      G
               +--------+--------+--------+--------+--------+-----+--------+
         Total |   1704 |   1663 |     41 |    233 |   1244 |   2 |  852.0 |
       Dungeon |   1704 |   1663 |     41 |    233 |   1244 |   2 |  852.0 |
               +--------+--------+--------+--------+--------+-----+--------+

Top non-repeatable levels by time:
     D:1: 1615 daAuts
     D:2: 89 daAuts
